 Dungeon Crawl Stone Soup version 0.24-a0-616-ge2a249a (console) character file.

Game seed: 772378026282898745, levelgen mode: deterministic

1376 vegansnacktivist the Covert (level 8, -11/36 HPs)
             Began as a Felid Transmuter on Sept 15, 2019.
             Was an Initiate of Dithmenos.
             Mangled by an ogre
             ... wielding a +0 giant spiked club
              (33 damage)
             ... on level 8 of the Dungeon.
             The game lasted 00:17:53 (10528 turns).

vegansnacktivist the Covert (Felid Transmuter)     Turns: 10528, Time: 00:17:54

Health: -11/36     AC:  2    Str:  8    XL:     8   Next: 39%
Magic:  13/16      EV: 21    Int: 15    God:    Dithmenos [......]
Gold:   101        SH:  0    Dex: 21    Spells: 6/17 levels left
                                        Lives:  0   Deaths: 2

rFire    + . .     SeeInvis +     - Unarmed
rCold    . . .     Gourm    .   (shield unavailable)
rNeg     . . .     Faith    .   (armour unavailable)
rPois    x         Spirit   .   (helmet unavailable)
rElec    .         Reflect  .   (cloak unavailable)
rCorr    .         Harm     .   (gloves unavailable)
MR       ++...                  (boots unavailable)
Stlth    ++++......             x - amulet of rage
HPRegen  0.12/turn              b - ring of protection from fire
MPRegen  0.15/turn              m - ring of protection from magic

@: spider-form
A: tiny, no armour, no weapons or thrown items, stealth, see invisible,
carnivore, slow metabolism 1
a: End Transformation, Renounce Religion, Evoke Berserk Rage


You were on level 8 of the Dungeon.
You worshipped Dithmenos.
Dithmenos was noncommittal.
You were very hungry.
You were a venomous arachnid creature.
You visited 2 branches of the dungeon, and saw 9 of its levels.

You collected 334 gold pieces.
You spent 233 gold pieces at shops.

Inventory:

Missiles
 a - 16 arrows
Jewellery
 b - a ring of protection from fire (left front leg)
 m - a ring of protection from magic (right front leg)
 u - an uncursed ring of positive energy
 x - an amulet of rage (around neck)
Scrolls
 e - 3 scrolls of remove curse
 g - a scroll of blinking {unknown}
 h - a scroll of magic mapping
 i - a scroll of amnesia {unknown}
 k - 2 scrolls of fog
 l - 9 scrolls of teleportation
 r - a scroll of immolation {unknown}
Potions
 d - 2 potions of agility
 f - a potion of magic
 n - 2 potions of heal wounds
 o - 5 potions of might
 p - 2 potions of mutation
 q - 4 potions of brilliance
 s - a potion of invisibility
 t - 3 potions of haste {unknown}
 v - 2 potions of flight {unknown}
Comestibles
 c - 7 rations


   Skills:
 - Level 4.1 Fighting
 - Level 2.6 Dodging
 + Level 9.0 Stealth
 - Level 8.4 Unarmed Combat
 - Level 5.0 Spellcasting
 - Level 4.1 Transmutations


You had 6 spell levels left.
You knew the following spells:

 Your Spells              Type           Power        Failure   Level  Hunger
a - Beastly Appendage     Tmut           ###...       11%         1    None
b - Sticks to Snakes      Tmut           ###.....     13%         2    ##.....
c - Spider Form           Tmut/Pois      ##........   41%         3    ###....
d - Blade Hands           Tmut           ###.......   82%         5    ######.

Your spell library contained the following spells:

 Spells                   Type           Power        Failure   Level  Hunger
 Ice Form                 Ice/Tmut       ##......     77%         4    ####...


Dungeon Overview and Level Annotations

Branches:
Dungeon (8/15)             Temple (1/1) D:7
   Lair: D:8-11

Altars:
Ashenzari
Cheibriados
Dithmenos
Elyvilon
Fedhas
Hepliaklqana
Kikubaaqudgha
Makhleb
Nemelex Xobeh
Okawaru
Qazlal
Ru
Trog
Uskayaw
Vehumet
Wu Jian
Xom
Yredelemnul
Zin
The Shining One

Shops:
D:4 *   D:6 ?   D:7 *

Annotations:
D:6 1 runed translucent door, AuraOfTheDawn's ghost, amateur TrWz
D:7 Joseph


Innate Abilities, Weirdness & Mutations

You cannot wear armour.
You are incapable of wielding weapons or throwing items.
Your paws allow you to move quietly. (Stealth)
((You have sharp claws.))
((You have razor-sharp teeth.))
You have supernaturally acute eyesight. (SInv)
You are carnivorous and can eat meat at any time.
((You cover ground quickly.))
((You are covered in thick fur. (AC +2)))
You have a slow metabolism.
((Your sharp claws are effective at attacking unaware monsters.))


Message History

j - a chunk of flesh
Things that are here:
a quokka skeleton; a water moccasin corpse Unknown command.
Unknown command.
You start resting.
Eating a chunk of flesh.
You eat the chunk of flesh.
This raw flesh tastes great.
You are feeling very hungry.
Your transformation has ended.
Things that are here:
a quokka skeleton; a water moccasin corpse You see here a brightly glowing hunting sling.
You start resting.
An ogre comes into view. It is wielding a +0 giant spiked club.
Casting: Spider Form (safe; 21% risk of failure)
Confirm with . or Enter, or press ? or * to list all spells.
You turn into a venomous arachnid creature.
The ogre hits you with a +0 giant spiked club!!
Ouch! That really hurt!
You die...

.. .......##..##.# ..#
.. #.....###..#... ...#
..##.....#......# ....##
...#............##......
...<................#...
.................#......
.......###..#.......##.#
................O...#
.......##.....##s...#
......####.##รท##..###
......# #....##..#
......# #.....)..#
.......#..........#
.................##
.................#
##..........#
#.........#...


You could see an ogre.

Vanquished Creatures
  Eustachio (D:4)
  A water moccasin (D:8)
  An orc warrior (D:7)
  A sky beast (D:5)
  3 ogres
  2 big kobolds (D:7)
  A bullfrog (D:6)
  10 killer bees (D:7)
  3 wights (D:6)
  2 howler monkeys (D:4)
  2 crimson imps
  A centaur zombie (D:6)
  3 jellies
  6 orc priests
  A hound (D:6)
  2 orc wizards
  A centaur skeleton (D:4)
  A bullfrog skeleton (D:6)
  3 iguanas
  4 worker ants
  A hound skeleton (D:5)
  2 gnolls (D:6)
  7 adders
  An ooze (D:6)
  2 adder skeletons (D:4)
  A worm (D:3)
  4 dart slugs
  4 leopard geckos
  13 orcs
  A ball python (D:2)
  5 giant cockroaches
  5 goblins
  4 hobgoblins
  6 jackals
  15 kobolds
  A quokka (D:8)
  A ball python skeleton (D:6)
  8 bats
  3 frilled lizards
  6 rats
139 creatures vanquished.

Vanquished Creatures (collateral kills)
  A killer bee (D:7)
  A worm (D:2)
2 creatures vanquished.

Grand Total: 141 creatures vanquished

Notes
Turn   | Place    | Note
-------+----------+-------------------------------------------
     0 | D:1      | vegansnacktivist the Felid Transmuter began the quest for
                  | the Orb.
     0 | D:1      | Reached XP level 1. HP: 9/9 MP: 4/4
    14 | D:1      | Reached skill level 1 in Stealth
    84 | D:1      | Reached skill level 2 in Stealth
   129 | D:1      | Reached XP level 2. HP: 10/12 MP: 4/6
   253 | D:1      | Reached skill level 3 in Stealth
  1319 | D:2      | Reached skill level 4 in Stealth
  1319 | D:2      | Reached XP level 3. HP: 4/15 MP: 5/7
  1894 | D:2      | Reached skill level 5 in Stealth
  1907 | D:2      | Learned a level 2 spell: Sticks to Snakes
  2309 | D:2      | Learned a level 3 spell: Spider Form
  2327 | D:2      | Reached skill level 6 in Stealth
  2327 | D:2      | Reached XP level 4. HP: 16/19 MP: 2/8
  2728 | D:3      | Found a blossoming altar of Fedhas.
  2805 | D:3      | Reached XP level 5. HP: 22/22 MP: 9/9
  2934 | D:3      | Reached skill level 7 in Stealth
  3689 | D:4      | Noticed an ogre
  3706 | D:4      | HP: 1/22 [ogre/+0 giant club (21)]
  4012 | D:4      | Killed an ogre
  4012 | D:4      | Gained mutation: You are covered in thick fur. (AC +2)
                  | [Felid growth]
  4012 | D:4      | Reached XP level 6. HP: 16/25 MP: 4/10
  4652 | D:4      | Noticed Eustachio
  4680 | D:5      | Entered Level 5 of the Dungeon
  4979 | D:5      | Reached XP level 7. HP: 32/32 MP: 11/11
  5294 | D:5      | Reached skill level 5 in Unarmed Combat
  5815 | D:4      | Found Rumynant's General Store.
  5818 | D:4      | Bought a potion of invisibility for 112 gold pieces
  5818 | D:4      | Bought a potion of agility for 56 gold pieces
  6029 | D:4      | Killed Eustachio
  6382 | D:4      | Found Rumynant's General Store.
  6739 | D:6      | Reached XP level 8. HP: 26/36 MP: 8/12
  7031 | D:5      | Learned a level 5 spell: Blade Hands
  7398 | D:6      | Found a burning altar of Makhleb.
  7442 | D:6      | Found a hide-covered altar of Uskayaw.
  7442 | D:6      | Found a glowing silver altar of Zin.
  7442 | D:6      | Found a hazy altar of Hepliaklqana.
  7507 | D:6      | Found Plog's Magic Scroll Emporium.
  7518 | D:6      | Succumbed to a gnoll sergeant's poison
  7519 | D:6      | Reached XP level 7. HP: 0/32 MP: 7/11
  7644 | D:6      | Bought a scroll of teleportation for 39 gold pieces
  7644 | D:6      | Bought a scroll of fog for 26 gold pieces
  7673 | D:6      | Noticed AuraOfTheDawn's ghost (amateur TrWz)
  7678 | D:6      | Found a runed translucent door.
  8011 | D:7      | Noticed a vampire
  8084 | D:7      | Slain by a killer bee
  8085 | D:7      | Reached XP level 6. HP: -1/28 MP: 4/10
  8346 | D:7      | Reached XP level 7. HP: 17/32 MP: 8/11
  8630 | D:7      | Found a staircase to the Ecumenical Temple.
  8985 | Temple   | Entered the Ecumenical Temple
  9038 | Temple   | Became a worshipper of Dithmenos the Shadowed
  9466 | D:7      | Found Bimyarif's General Store.
  9554 | D:7      | Noticed Joseph
  9999 | D:7      | Reached skill level 5 in Spellcasting
  9999 | D:7      | Reached XP level 8. HP: 36/36 MP: 16/16
 10214 | D:7      | Reached skill level 8 in Stealth
 10421 | D:8      | Noticed a two-headed ogre
 10461 | D:8      | Reached skill level 9 in Stealth
 10528 | D:8      | Mangled by an ogre

Levels and vault maps discovered:
D:1:      scummos_arrival_simple_fountains, layout_basic,
          chequers_hall_statues_y
D:2:      layout_loops_ring, minmay_fountain_box
D:3:      layout_basic, serial_curves, eino_curves_03, eino_curves_01,
          eino_curves_01, first_ration, fedhas_altar_1
D:4:      layout_loops_ring, serial_shops, kennysheep_mini, uniq_eustachio
D:5:      layout_rooms
D:6:      layout_rooms, gammafunk_temple_overflow_forgotten,
          lightli_temple_of_fire, serial_shops, nicolae_shop_statue_plus,
          hellmonk_ghost_happy_afterlife, nrook_mini_vaults
D:7:      layout_layer_cave, grunt_gozag_breadcrumbs,
          minmay_temple_entry_junction_2, serial_shops,
          nicolae_shop_temple_entry_statues_fountains, uniq_joseph
D:8:      layout_cave_pools, lemuel_crystal_altar, the_bakery, uniq_grum
Temple:   nicolae_temple_x_marks_the_god

Skill      XL: |  1  2  3  4  5  6  7  8 |
---------------+-------------------------+-----
Stealth        | 2 4 6 7 9 |  9.0
Transmutations | 4 |  4.1
Fighting       | 4 |  4.1
Unarmed Combat | 8 7 |  8.4
Spellcasting   | 5 |  5.0
Dodging        | |  2.6

Action                   |  1- 3 |  4- 6 |  7- 9 || total
-------------------------+-------+-------+-------++-------
Melee: Unarmed           |    92 |   131 |   196 ||   419
       Bite              |     8 |     4 |     8 ||    20
       Headbutt          |     3 |     2 |     3 ||     8
       Punch             |       |     2 |     2 ||     4
 Cast: Beastly Appendage |    12 |     7 |     7 ||    26
       Spider Form       |     2 |     9 |    22 ||    33
       Sticks to Snakes  |     1 |     4 |     9 ||    14
  Use: Scroll            |     3 |     3 |     4 ||    10
       Potion            |       |       |     5 ||     5
 Stab: Sleeping          |     8 |    10 |    17 ||    35
       Distracted        |     1 |     3 |     2 ||     6
  Eat: Chunk             |    10 |     6 |     8 ||    24
Armor: Skin              |     3 |    10 |    48 ||    61
Dodge: Dodged            |    73 |   141 |   238 ||   452

Table legend:
 A = Non-vault XP
 B = Vault XP
 C = Vault XP percentage of total XP
 D = Non-vault monster count
 E = Vault monster count
 F = Vault count percentage of total count
                 A         B        C        D         E       F
            +---------+---------+-------+---------+---------+-------
      Total |    3307 |     182 |   5.2 |     140 |       1 |   0.7
            +---------+---------+-------+---------+---------+-------
        D:1 |      33 |       0 |   0.0 |      18 |       0 |   0.0
        D:2 |     142 |       0 |   0.0 |      19 |       0 |   0.0
        D:3 |      56 |       0 |   0.0 |      21 |       0 |   0.0
        D:4 |     537 |     182 |  25.3 |      17 |       1 |   5.6
        D:5 |     466 |       0 |   0.0 |      14 |       0 |   0.0
        D:6 |     582 |       0 |   0.0 |      18 |       0 |   0.0
        D:7 |    1270 |       0 |   0.0 |      29 |       0 |   0.0
        D:8 |     221 |       0 |   0.0 |       4 |       0 |   0.0
            +---------+---------+-------+---------+---------+-------
